 Dungeon Crawl Stone Soup version 0.32-a0-630-g46d191b0ed (webtiles) character file.

Game seed: 763552983552573727

1740 Xpym the Skirmisher (level 9, 0/91 HPs)
             Began as a Coglin Hunter on Mar 6, 2024.
             Was an Initiate of Gozag.
             Succumbed to a water moccasin's poison
             ... on level 7 of the Dungeon.
             The game lasted 00:20:52 (4620 turns).

Xpym the Skirmisher (Coglin Hunter)                 Turns: 4620, Time: 00:20:52

Health: 0/91       AC: 11    Str: 13    XL:     9   Next: 5%
Magic:  9/9        EV: 12    Int:  8    God:    Gozag
Gold:   130        SH:  0    Dex: 21    Spells: 8/8 levels left

rFire   . . .        a - +2 sling {Kulveer}
rCold   + . .        d - +0 sling {Chakide}
rNeg    . . .        y - +1 leather armour {rC+}
rPois   .            p - +2 helmet
rElec   .            i - +2 cloak
rCorr   .            v - +0 pair of gloves
SInv    .            (no boots)
Will    .....        (amulet unavailable) Stlth
                     (ring unavailable)
HPRegen 0.35/turn    (ring unavailable)
MPRegen 0.11/turn    (no gizmo)

%: no passive effects
@: mighty, berserking, lethally poisoned (0 -> -4), gold aura, hasted, revved,
very quick
A: off-hand wielding, slow wielding, warmup strikes, no jewellery
a: Invent Gizmo, Renounce Religion, Potion Petition, Call Merchant, Bribe Branch


You were on level 7 of the Dungeon.
You worshipped Gozag.
Gozag was aware of your devotion.
You visited 2 branches of the dungeon, and saw 8 of its levels.

You collected 493 gold pieces.
You spent 204 gold pieces at shops.
You paid 159 gold pieces to Gozag.


Innate Abilities, Weirdness & Mutations

You can wield a second weapon in your off-hand.
It takes a long time for you to wield or remove held weapons.
Your first few attacks do less damage.
You cannot equip rings or amulets.


   Skills:
 + Level 2.1 Fighting
 - Level 9.0 Ranged Weapons
 + Level 0.2 Armour
 + Level 1.8 Dodging
 - Level 0.7 Stealth
 - Level 9.0 Evocations


You had 8 spell levels left.
You didn't know any spells.
Your spell library contained the following spells:

 Spells                   Type           Power      Damage    Failure   Level
 Apportation              Tloc           0%         N/A       50%         1
 Jinxbite                 Hex            0%         N/A       63%         2
 Alistair's Intoxication  Alch           0%         N/A       100%        5

Inventory:

Hand Weapons
 a - a +2 sling (weapon) {Kulveer}
 d - a +0 sling (offhand) {Chakide}
Missiles
 h - 3 poisoned darts
Armour
 i - a +2 cloak (worn)
 p - a +2 helmet (worn)
 v - a +0 pair of gloves (worn)
 y - a +1 leather armour of cold resistance (worn)
Wands
 n - a wand of mindburst (11)
 D - a wand of flame (24)
Scrolls
 b - a scroll of butterflies
 e - a scroll of blinking
 f - a scroll of enchant armour {unknown}
 k - a scroll of brand weapon {unknown}
 l - a scroll of immolation {unknown}
 m - a scroll of silence {!r}
 q - a scroll of revelation {unknown}
 s - 2 scrolls of teleportation {@r2}
 t - a scroll of identify {unknown}
 x - a scroll of noise {unknown}
 z - a scroll of fear {unknown}
 B - a scroll of enchant weapon {unknown}
 C - a scroll of fog {unknown}
Potions
 c - a potion of berserk rage {!q}
 g - 2 potions of curing {unknown}
 j - a potion of mutation {unknown}
 o - 2 potions of haste {@q3}
 r - 2 potions of brilliance
 u - a potion of might
 w - 5 potions of enlightenment
 A - a potion of heal wounds {unknown}

Dungeon Overview and Level Annotations

Branches:
Dungeon (7/15)             Temple (1/1) D:6

Altars:
Ashenzari
Dithmenos
Elyvilon
Gozag
Hepliaklqana
Kikubaaqudgha
Makhleb
Okawaru
Qazlal
Ru
Sif Muna
Trog
Uskayaw
Wu Jian
Yredelemnul

Shops:
D:1 *

Annotations:
D:5 2 transporters, Menkaure; Nilihum's ghost, novice CoAr; Pikel
D:6 Blork the orc; Eustachio
D:7 Maurice; Prince Ribbit

###.....# ..#.....# #
#.#.....# . #.# #.# # ...
#. #.#####.#.# ....f
####.##.........# .....
..............### ......
####.....############......
..........h@Sk5.<.(........
########.#####F.....#......
...................'......
#######.#####......#######
#.# #......# #.# #......#
#.# #......# #.# #......#
..# #......#


You could see Prince Ribbit, a water moccasin, a wyvern (very poisoned), a hound
and a white imp.


Message History

You feel sick. The hound bites you but does no damage.
The water moccasin bites you but does no damage.
The hound bites you but does no damage.
You take 1 damage, and have 4/91 hp.
You miss the hound with your +0 sling.
The hound is lightly wounded.
You barely miss the hound with your +2 sling.
The sentinel's mark upon you fades away.
* * * LOW HITPOINT WARNING * * *
You feel sick. The water moccasin barely misses you.
The hound barely misses you.
The white imp is distracted by your dazzling golden aura.
The water moccasin is distracted by your dazzling golden aura.
The hound barely misses you.
You take 2 damage, and have 2/91 hp.
The white imp shouts, "Return whence thou came, thou mammering rude-growing crab-lanthorn!"
The water moccasin hisses angrily.
You clumsily bash the hound with your +2 sling.
The hound is moderately wounded.
You miss the hound with your +0 sling.
* * * LOW HITPOINT WARNING * * *
You feel sick.
The white imp is no longer distracted by gold.
The hound closely misses you.
You take 1 damage, and have 1/91 hp.
You clumsily bash the hound with your +0 sling.
The hound is heavily wounded.
You clumsily bash the hound with your +2 sling.
You die...
Your body crumbles into a pile of gold.

Skill      XL: |  1  2  3  4  5  6  7  8 |
---------------+-------------------------+-----
Ranged Weapons | 4 5 6 7 9 |  9.0
Evocations     | 2 4 5 7 9 |  9.0
Fighting       | |  2.1
Armour         | |  0.2
Dodging        | |  1.8
Stealth        | |  0.7

Action                     |  1- 3 |  4- 6 |  7- 9 || total
---------------------------+-------+-------+-------++-------
  Melee: Sling             |       |       |    12 ||    12
   Fire: Sling             |   138 |   276 |   428 ||   842
  Throw: Dart              |       |       |    17 ||    17
    Use: Scroll            |       |     2 |     1 ||     3
         Potion            |       |       |     6 ||     6
 Armour: Leather armour    |     8 |    17 |    78 ||   103
  Dodge: Dodged            |    15 |    24 |    67 ||   106

Levels and vault maps discovered:
D:1:      minmay_arrival_solitary_statue, layout_basic, serial_shops,
          nicolae_shop_overgrown_old_shop
D:2:      layout_rooms, nicolae_twisty_statue_hallways
D:3:      layout_rooms, hellmonk_ecumenical_altar_leap_of_faith,
          wander_ebering_terrifying_dragon_lair
D:4:      layout_basic, amcnicky_altar_gilded,
          mainiacjoe_overflow_six_doors_small, minmay_bisected
D:5:      layout_loops_ring, nicolae_ashenzari_panopticon,
          overflow_temple_1_default, gammafunk_ghost_mausoleum, uniq_pikel,
          uniq_menkaure
D:6:      layout_gridville, minmay_temple_entry_mini_moons, uniq_eustachio,
          uniq_blork_the_orc
D:7:      layout_basic, xom_shifter_show, enter_bailey_6, uniq_maurice,
          uniq_prince_ribbit1
Temple:   minmay_temple_curvy_loop

Notes
Turn   | Place    | Note
-------+----------+-------------------------------------------
     0 | D:1      | Xpym the Coglin Hunter began the quest for the Orb.
     0 | D:1      | Reached XP level 1. HP: 16/16 MP: 1/1
   133 | D:1      | Found Togaeforch's Assorted Antiques.
   223 | D:1      | Reached skill level 4 in Ranged Weapons
   223 | D:1      | Reached XP level 2. HP: 22/22 MP: 2/2
   819 | D:2      | Reached XP level 3. HP: 25/27 MP: 3/3
  1039 | D:2      | Reached skill level 1 in Evocations
  1241 | D:3      | Reached skill level 2 in Evocations
  1241 | D:3      | Reached XP level 4. HP: 33/33 MP: 4/4
  1339 | D:3      | Found a faded altar of an unknown god.
  1750 | D:1      | Bought a scroll labelled YJIHAA TAUGAINEGG for 28 gold
                  | pieces
  1750 | D:1      | Bought a pair of gloves for 126 gold pieces
  1750 | D:1      | Bought 2 purple potions for 50 gold pieces
  1833 | D:4      | Reached skill level 5 in Ranged Weapons
  1937 | D:4      | Reached skill level 3 in Evocations
  1942 | D:4      | Noticed an ogre
  1946 | D:4      | Killed an ogre
  1947 | D:4      | Reached skill level 4 in Evocations
  1947 | D:4      | Reached XP level 5. HP: 32/38 MP: 5/5
  2050 | D:4      | Reached XP level 6. HP: 37/44 MP: 6/6
  2154 | D:4      | Reached skill level 5 in Evocations
  2276 | D:4      | Found an ornate altar of the Wu Jian Council.
  2372 | D:4      | Reached skill level 6 in Ranged Weapons
  2487 | D:4      | Reached XP level 7. HP: 50/50 MP: 7/7
  2507 | D:4      | Found a white marble altar of Elyvilon.
  2779 | D:5      | Entered Level 5 of the Dungeon
  2798 | D:5      | Noticed Menkaure
  2902 | D:5      | Reached skill level 6 in Evocations
  2942 | D:5      | Reached skill level 7 in Ranged Weapons
  2954 | D:5      | Found a broken altar of Ashenzari.
  3027 | D:5      | Found a transporter.
  3030 | D:5      | Noticed Nilihum's ghost (novice CoAr)
  3031 | D:5      | Found a transporter.
  3135 | D:5      | Reached skill level 7 in Evocations
  3135 | D:5      | Reached XP level 8. HP: 42/56 MP: 8/8
  3435 | D:5      | Found a sacrificial altar of Ru.
  3525 | D:5      | Noticed Pikel
  3828 | D:6      | Noticed Blork the orc
  3845 | D:6      | Noticed Eustachio
  3960 | D:6      | Reached skill level 8 in Ranged Weapons
  4243 | D:6      | Reached skill level 8 in Evocations
  4256 | D:6      | Found a staircase to the Ecumenical Temple.
  4265 | Temple   | Entered the Ecumenical Temple
  4289 | Temple   | Became a worshipper of Gozag Ym Sagoz the Greedy
  4348 | D:6      | Noticed a two-headed ogre
  4556 | D:7      | Noticed Maurice
  4591 | D:7      | Paralysed by Maurice for 2 turns
  4592 | D:7      | Noticed a hornet
  4595 | D:7      | Noticed a wyvern
  4595 | D:7      | Noticed Prince Ribbit
  4612 | D:7      | Killed a hornet
  4613 | D:7      | Reached skill level 9 in Ranged Weapons
  4613 | D:7      | Reached skill level 9 in Evocations
  4613 | D:7      | Reached XP level 9. HP: 16/61 MP: 9/9
  4616 | D:7      | HP: 7/91 [poisoned by a water moccasin]
  4618 | D:7      | HP: 2/91 [poisoned by a water moccasin]
  4620 | D:7      | Succumbed to a water moccasin's poison

Vanquished Creatures
  A hornet (D:7)
  A water moccasin (D:5)
  A black bear (D:5)
  2 ice beasts
  An ogre (D:4)
  A phantom (D:4)
  4 lemures
  A kobold brigand (D:6)
  A bullfrog (D:6)
  2 scorpions (D:4)
  A bombardier beetle (D:6)
  5 hounds
  3 orc priests
  3 jellies (D:5)
  2 sleepcaps
  3 iguanas
  An orc wizard (D:5)
  6 gnolls
  7 adders
  A white imp (D:4)
  2 ribbon worms
  19 orcs
  6 endoplasms
  2 giant cockroaches (D:4)
  6 goblins
  12 hobgoblins
  2 jackals (D:2)
  5 quokkas
  9 ball pythons
  3 bats (D:2)
  5 frilled lizards
  10 kobolds
  2 rats (D:1)
130 creatures vanquished.

Table legend: (Time is in decaauts)
 A = Elapsed time spent in this place.
 B = Non-inter-level travel time spent in this place.
 C = Inter-level travel time spent in this place.
 D = Time resting spent in this place.
 E = Time spent auto-exploring this place.
 F = Levels seen in this place.
 G = Mean time per level.
                   A        B        C        D        E       F      G
               +--------+--------+--------+--------+--------+-----+--------+
         Total |   4660 |   4121 |    539 |    102 |   2885 |   8 |  582.5 |
       Dungeon |   4612 |   4113 |    499 |    102 |   2885 |   7 |  658.9 |
        Temple |     47 |      7 |     40 |      0 |      0 |   1 |   47.0 |
               +--------+--------+--------+--------+--------+-----+--------+

Top non-repeatable levels by time:
     D:4: 995 daAuts
     D:5: 965 daAuts
     D:1: 779 daAuts
     D:6: 650 daAuts
     D:3: 601 daAuts
     D:2: 502 daAuts
     D:7: 117 daAuts
  Temple: 47 daAuts

Table legend:
 A = Non-vault XP
 B = Vault XP
 C = Vault XP percentage of total XP
 D = Non-vault monster count
 E = Vault monster count
 F = Vault count percentage of total count
                 A         B        C        D         E       F
            +---------+---------+-------+---------+---------+-------
      Total |    2351 |     136 |   5.5 |     120 |       6 |   4.8
            +---------+---------+-------+---------+---------+-------
        D:1 |      19 |       0 |   0.0 |      12 |       0 |   0.0
        D:2 |      42 |       0 |   0.0 |      17 |       0 |   0.0
        D:3 |      76 |       1 |   1.3 |      20 |       1 |   4.8
        D:4 |     512 |     135 |  20.9 |      33 |       5 |  13.2
        D:5 |     641 |       0 |   0.0 |      18 |       0 |   0.0
        D:6 |     614 |       0 |   0.0 |      17 |       0 |   0.0
        D:7 |     447 |       0 |   0.0 |       3 |       0 |   0.0
            +---------+---------+-------+---------+---------+-------
